cohdb
Replays
Latest Replays
All Replays
Popular Replays
Top Player Replays
Match Explorer
How It Works
Community
CoH3 Stats
Reddit
Sign in to upload your games and track your stats! →
Sign in with Steam
Match 41333354
Unlisted
Match 41333354
Overview
Messages
Build Orders
End
Pioneer Squad
Construct Infanterie Kompanie
Selects Mechanized Battlegroup
Grenadier Squad
Grenadier Squad
Grenadier Squad
Construct Panzergrenadier Kompanie
Selects Raid Package
Pak 40 Anti-tank Gun Team
Medical Bunker
Construct Panzer Kompanie
Stoßtruppen Squad
Selects StuG Assault Group
Selects UNKNOWN (2160084)
Selects Spotting Scopes
Sturmpanzer IV Brummbär
Grenadier Squad
Selects Wespe Self-propelled Artillery
Pak 40 Anti-tank Gun Team
Wespe Self-propelled Artillery
Selects Mechanized Assault
xbubalo
Trash magnet
FooKilla
TL
0
0
Comments
sign in to comment!
No comments posted yet!